Map: Mist Opportunities

Players

NamroodTuo

  • Race: Terran Terran
  • Spawn Location: 5:00

JonnyTLight

  • Race: Terran Terran
  • Spawn Location: 6:00

VOD

Have the link to the VOD?

Description

Time

  • Played on: March 31, 2023, 7:09 a.m.
  • Length: 30:08
Show
View Real Time Build Order
Export as new Build Order

NamroodTuo Terran 

Build Orders:  

Get SALT Encoding   

  12  0:03  SCV  
  13  0:17  SCV  
  14  0:30  SCV  
  14  0:39  Supply Depot  
  15  0:57  SCV  
  16  1:02  Refinery  
  16  1:05  Refinery  
  16  1:12  Supply Depot  
  16  1:16  SCV  
  17  1:29  SCV  
  18  1:43  SCV  
  19  1:52  Factory  
  19  1:56  SCV  
  20  2:17  SCV  
  21  2:31  SCV  
  21  2:36  Perdition Turret  
  21  2:38  Perdition Turret  
  22  2:44  SCV  
  23  2:51  Perdition Turret  
  23  2:58  SCV  
  24  3:02  Factory Tech Reactor  
  24  3:12  SCV  
  24  3:14  Devastation Turret  
  25  3:25  SCV  
  25  3:27  Devastation Turret  
  26  3:39  SCV  
  27  3:43  Perdition Turret  
  27  3:44  Perdition Turret  
  27  3:52  SCV  
  27  3:53  Goliath  
  30  4:06  SCV  
  31  4:18  Engineering Bay  
  31  4:20  Upgrade Laser Drill Level 1  
  31  4:25  Armory  
  31  4:32  Supply Depot  
  31  5:01  SCV  
  31  5:03  Supply Depot  
  32  5:39  Starport  
  32  5:47  Factory  
  32  5:58  Ares-Class Targeting System  
  32  6:22  Supply Depot  
  32  6:24  Supply Depot  
  32  6:29  Advanced Optics  
  32  6:37  Supply Depot  
  32  7:15  Perdition Turret  
  32  7:18  Perdition Turret  
  32  7:29  Factory Tech Reactor  
  32  7:38  Supply Depot  
  32  7:43  Supply Depot  
  32  7:56  Command Center  
  32  8:07  SCV  
  33  8:20  SCV  
  34  8:34  SCV  
  35  8:48  SCV  
  36  9:01  SCV  
  36  9:05  Supply Depot  
  37  9:15  SCV  
  38  9:29  SCV  
  39  9:33  Starport Tech Reactor  
  39  9:37  Supply Depot  
  39  9:42  SCV  
  39  9:44  Regenerative Bio-Steel  
  39  9:49  Fire-Suppression Systems  
  40  10:07  Refinery  
  40  10:10  SCV, Supply Depot  
  40  10:11  Refinery  
  41  10:23  SCV  
  42  10:34  Goliath  
  42  10:37  SCV  
  45  10:41  Supply Depot  
  45  10:44  Multi-Lock Weapons System  
  45  10:50  SCV, Science Vessel x2  
  50  11:04  SCV  
  51  11:12  Supply Depot  
  51  11:14  Terran Vehicle and Ship Weapons Level 1  
  51  11:17  SCV  
  52  11:21  Goliath  
  54  11:31  SCV  
  54  11:33  Goliath  
  54  11:37  Goliath  
  59  11:44  Supply Depot  
  59  11:45  SCV  
  60  11:58  SCV  
  70  12:54  Goliath  
  70  12:55  Goliath x3  
  67  13:26  Goliath x2  
  67  13:27  Goliath x2  
  65  13:54  Terran Vehicle And Ship Armor Level 1  
  65  13:58  Goliath x2  
  65  13:59  Goliath x2  
  73  14:13  Science Vessel  
  73  14:14  Science Vessel  
  75  14:26  SCV  
  76  14:30  Goliath x2  
  76  14:31  Goliath x2  
  89  14:40  SCV  
  85  14:53  SCV  
  85  14:55  Improved Nano-Repair  
  86  15:01  Science Vessel  
  86  15:02  Goliath x3  
  86  15:03  Goliath  
  86  15:07  SCV  
  97  15:20  SCV  
  98  15:34  Goliath x3  
  98  15:35  Goliath  
  106  15:55  Defensive Matrix  
  106  16:03  Upgrade Laser Drill Level 2  
  106  16:06  Goliath x3  
  106  16:07  Goliath  
  114  16:34  Terran Vehicle and Ship Weapons Level 2  
  114  16:38  Goliath  
  116  16:45  Supply Depot  
  116  16:54  KMC Auto-Loaders  
  116  17:17  Supply Depot  
  116  17:48  Supply Depot  
  116  18:22  Supply Depot  
  116  18:24  Structure Armor  
  116  18:25  Goliath x2  
  116  18:26  Goliath x2  
  124  18:43  Supply Depot  
  124  18:46  Supply Depot  
  124  18:49  Supply Depot  
  124  18:51  Supply Depot  
  124  18:53  Supply Depot  
  124  18:55  Supply Depot  
  124  18:57  Goliath x2  
  124  18:58  Goliath  
  130  19:16  Science Vessel x2  
  134  19:24  Hi-Sec Auto Tracking  
  134  19:43  Terran Vehicle And Ship Armor Level 2  
  134  20:04  Science Vessel x2  
  138  20:26  Goliath x2  
  138  20:27  Goliath x2  
  146  20:52  Science Vessel x2  
  146  20:58  Goliath x2  
  146  20:59  Goliath  
  156  21:40  Science Vessel  
  158  22:40  Hellion x2  
  158  22:41  Hellion x2  
  166  22:53  Terran Vehicle and Ship Weapons Level 3  
  166  24:44  Goliath x4  
  174  25:14  Science Vessel x2  
  174  25:16  Goliath x4  
  184  25:48  Goliath x2  
  186  26:02  Science Vessel x2  
  184  26:50  Science Vessel  
Show
View Real Time Build Order
Export as new Build Order

JonnyTLight Terran 

Build Orders:  

Get SALT Encoding   

  12  0:03  SCV  
  13  0:20  SCV  
  13  0:27  Supply Depot  
  14  0:37  SCV  
  15  0:53  SCV  
  16  1:10  SCV  
  17  1:27  SCV  
  17  1:28  Command Center  
  18  1:44  SCV  
  18  1:46  Refinery  
  19  2:01  SCV  
  19  2:03  Refinery  
  20  2:18  SCV  
  21  2:23  Supply Depot  
  21  2:25  Barracks  
  21  2:35  SCV  
  22  2:52  SCV  
  23  3:05  Barracks  
  23  3:08  Barracks Tech Lab  
  23  3:09  SCV  
  24  3:12  SCV  
  25  3:26  SCV  
  25  3:29  SCV  
  27  3:43  SCV  
  27  3:46  SCV  
  29  3:59  Marauder, Barracks Reactor  
  29  4:00  SCV  
  32  4:11  Medic  
  32  4:16  SCV  
  32  4:17  SCV  
  36  4:21  Marine  
  36  4:27  Supply Depot  
  36  4:29  Supply Depot  
  37  4:31  Marine  
  37  4:33  SCV  
  37  4:34  SCV  
  40  4:55  Refinery  
  40  4:59  Refinery  
  40  5:23  Marine x2  
  40  5:25  Marauder  
  44  5:33  Marine  
  44  5:34  Marine  
  44  5:37  Medic  
  46  5:44  Marine x2  
  46  5:47  Marauder  
  50  5:52  SCV x2  
  50  5:54  Marine x2  
  56  6:00  Medic  
  56  6:09  SCV x2  
  60  6:18  Stabilizer Medpacks, Marauder  
  62  6:31  Marine x2, Supply Depot  
  62  6:34  SCV x2  
  62  6:36  Supply Depot  
  66  6:42  Supply Depot  
  66  6:51  SCV  
  66  6:56  SCV  
  68  7:08  SCV  
  69  7:13  SCV  
  69  7:14  Marauder  
  69  7:17  Marine x2  
  69  7:18  Concussive Shells  
  73  7:25  SCV  
  73  7:26  Medic  
  73  7:28  Unknown  
  77  7:30  SCV  
  77  7:38  Supply Depot x2  
  78  7:40  Supply Depot  
  78  7:42  SCV  
  78  7:47  SCV  
  78  7:49  Engineering Bay  
  80  7:57  Engineering Bay  
  80  8:04  SCV  
  81  8:12  Marauder  
  81  8:14  Marine x2  
  85  8:21  SCV  
  85  8:24  Marine, Medic  
  85  8:25  Marine  
  90  8:35  Marine, Marauder  
  90  8:38  SCV  
  93  8:43  Marine  
  93  8:45  Marine  
  93  8:47  Medic  
  95  8:53  Marine  
  95  8:55  Marine  
  95  8:57  Marine  
  97  9:05  Marine x2  
  97  9:07  Marine  
  100  9:18  Unknown, Terran Infantry Weapons Level 1  
  100  9:19  Terran Infantry Armor Level 1  
  101  9:28  Factory  
  101  9:33  Marauder  
  101  9:34  Barracks  
  101  9:35  Marine x2  
  105  9:45  Marine x2, Medic  
  108  9:55  Marine x2  
  110  10:02  Supply Depot  
  110  10:03  Marauder  
  110  10:04  Supply Depot  
  110  10:05  Marine x2  
  110  10:06  Supply Depot  
  110  10:08  Supply Depot  
  114  10:15  Marine, Medic  
  114  10:16  Marine  
  118  10:25  Marine, Barracks Reactor  
  118  10:26  Marine, Marauder  
  122  10:36  Marine  
  122  10:38  Medic  
  119  10:55  Orbital Command  
  119  10:56  Orbital Command  
  119  10:59  Marauder  
  118  11:00  Marine x2  
  122  11:10  Marine  
  122  11:11  Marine, Medic  
  126  11:21  Marine x2, Marauder  
  130  11:33  Armory  
  130  11:34  Medic  
  132  11:59  Unknown  
  131  12:48  Marauder  
  131  12:49  Marine x2  
  78  12:50  Marine x2  
  131  12:59  Marine  
  137  13:00  Marine x3, Medic  
  137  13:09  Marine  
  141  13:17  Supply Depot  
  141  13:18  Marine x3, Supply Depot, Marauder  
  142  13:20  Marine, Supply Depot  
  142  13:22  Supply Depot  
  142  13:28  Marine  
  142  13:29  Supply Depot  
  147  13:30  Medic, Supply Depot  
  147  13:32  Supply Depot  
  147  13:33  Supply Depot  
  145  13:40  Marine x2  
  145  13:41  Marine x2  
  145  13:42  Marauder  
  151  13:50  Marine x2  
  151  13:51  Marine x2  
  151  13:54  Medic  
  157  14:00  Marine x2  
  157  14:05  Marauder  
  157  14:07  Marine x2  
  162  14:10  Marine  
  162  14:11  Marine  
  162  14:17  Marine x2, Medic  
  165  14:21  Marine x2  
  165  14:27  Marine x2  
  165  14:28  Marauder  
  174  14:40  Medic  
  176  14:54  Marine x2  
  176  14:55  Marine x3  
  181  15:04  Marine x2  
  181  15:05  Marine x3  
  186  15:14  Marine x2  
  186  15:15  Marine x3  
  191  15:22  Terran Infantry Weapons Level 2, Terran Infantry Armor Level 2  
  191  15:24  Marine x2  
  191  15:25  Marine x3  
  196  15:35  Marine  
  197  15:47  Marine x2  
  197  15:48  Marine  
  185  16:12  Marine x4  
  185  16:13  Marine  
  185  16:22  Marine x2  
  185  16:23  Marine x3  
  190  16:32  Marine x2  
  190  16:33  Marine  
  193  16:57  Medic  
  195  17:07  Medic  
  195  17:17  Medic  
  199  18:15  Marine  
  200  18:32  Unknown  
  200  18:34  Terran Infantry Weapons Level 3  
  200  18:35  Terran Infantry Armor Level 3  
  200  18:37  Terran Vehicle and Ship Weapons Level 1  
  200  18:41  Armory  
  200  18:49  Factory  
  200  18:57  Starport  
  200  19:48  Terran Vehicle And Ship Armor Level 1  
  198  20:20  Medic  
  198  20:27  Starport Reactor  
  200  20:39  Starport, Factory Tech Lab  
  200  20:42  Factory Reactor  
  200  21:17  Advanced Optics  
  200  21:18  Medic  
  196  21:24  Neosteel Frame  
  196  21:28  Medic  
  196  21:45  Starport Tech Lab  
  196  21:51  Viking  
  196  21:52  Viking  
  200  22:15  Structure Armor, Unknown  
  200  22:28  Afterburners  
  200  22:34  Phobos Weapons System  
  198  23:14  Viking  
  198  23:17  Terran Vehicle and Ship Weapons Level 2  
  198  23:34  Ripwave Missiles  
  198  23:39  Viking  
  198  23:48  Terran Vehicle And Ship Armor Level 2  
  189  28:36  Viking x3  
  188  28:54  Viking x2  
  188  28:55  Viking  
  192  29:13  Viking x3  
  198  29:32  Viking  
Tags
 
Commander
RaynorSwann
Matchup
Co-op
Replay Pack
Multiplayer
Add a new tag
Caveats
  • Supply blocks, unpowered buildings, or Contaminate may cause inaccurate times.
  • Supply counts are checked every 10 seconds.